 Dungeon Crawl Stone Soup version 0.31-a0-361-g0f8bd3a31e (webtiles) character file.

Game seed: 16293649613788280785

882 AdnanSaban the Covered (level 8, 0/48 HPs)
             Began as a Gargoyle Fighter on July 27, 2023.
             Slain by a wight
             ... wielding a +5 mace of freezing
              (2 damage)
             ... on level 5 of the Dungeon.
             The game lasted 00:05:07 (5031 turns).

AdnanSaban the Covered (Gargoyle Fighter)           Turns: 5031, Time: 00:05:07

Health: 0/48       AC: 18    Str: 23    XL:     8   Next: 5%
Magic:  8/8        EV:  8    Int:  8    God:
Gold:   275        SH:  4    Dex:  9    Spells: 7/7 levels left

rFire   . . .        n - +1 whip (freeze)
rCold   . . .        c - +0 buckler
rNeg    + . .        x - +0 chain mail
rPois   ∞            (no helmet)
rElec   +            (no cloak)
rCorr   .            (no gloves)
SInv    .            A - +2 pair of boots {Stlth+}
Will    .....        (no amulet) Stlth
                     (no ring)
HPRegen 0.28/turn    (no ring)
MPRegen 0.11/turn

%: no passive effects
@: no status effects
A: sickness immunity, AC +5, negative energy resistance 1, electricity
resistance, torment resistance 1, petrification resistance
a: no special abilities


You were on level 5 of the Dungeon.
You visited 1 branch of the dungeon, and saw 6 of its levels.

You collected 275 gold pieces.

Inventory:

Hand Weapons
 n - a +1 whip of freezing (weapon)
Missiles
 q - 4 boomerangs (quivered)
 z - 6 poisoned darts
Armour
 c - a +0 buckler (worn)
 x - a +0 chain mail (worn)
 A - a +2 pair of boots of stealth (worn)
Wands
 w - a wand of iceblast (8)
Scrolls
 a - 2 scrolls of revelation {unknown}
 b - a scroll of enchant weapon {unknown}
 e - a scroll of immolation {unknown}
 h - 2 scrolls of noise {unknown}
 m - 4 scrolls of identify {unknown}
 o - 4 scrolls of teleportation {unknown}
 r - a scroll of fear {unknown}
 y - a scroll of fog {unknown}
Potions
 d - a potion of might
 f - a potion of resistance {unknown}
 g - 2 potions of enlightenment {unknown}
 i - 2 potions of lignification {unknown}
 j - 4 potions of haste {unknown}
 k - a potion of mutation {unknown}
 l - a potion of heal wounds {unknown}
 p - a potion of magic {unknown}
 s - a potion of degeneration {unknown}
 t - a potion of ambrosia {unknown}
 u - a potion of brilliance {unknown}
 v - a potion of curing {unknown}


   Skills:
 + Level 4.8 Fighting
 + Level 5.5 Maces & Flails
 + Level 2.1 Throwing
 + Level 5.7 Armour
 + Level 1.9 Dodging
 + Level 4.4 Shields


You had 7 spell levels left.
You didn't know any spells.
Your spell library contained the following spells:

 Spells                   Type           Power      Damage    Failure   Level
 Dazzling Flash           Conj/Hex       0%         N/A       100%        3
 Cause Fear               Hex            0%         N/A       100%        4
 Metabolic Englaciation   Hex/Ice        0%         N/A       100%        5
 Silence                  Hex/Air        0%         N/A       100%        5


Dungeon Overview and Level Annotations

Branches:
Dungeon (6/15)
 Temple: D:4-7

Altars:
Ashenzari
Dithmenos
Gozag
Okawaru
Uskayaw


Innate Abilities, Weirdness & Mutations

You are immune to sickness and miasma.
Your stone body is resilient. (AC +5)
You are immune to poison.
You resist negative energy. (rN+)
You are resistant to electric shocks. (rElec)
You are resistant to unholy torment.
You are immune to petrification.


Message History

The wight is severely damaged.
The wight barely misses you. x2
You hit the wight.
The wight is almost destroyed.
The wight hits you but does no damage. The wight hits you with a +0 falchion.
* * * LOW HITPOINT WARNING * * *
You closely miss the wight.
The wight is almost destroyed.
You barely miss the wight.
The wight is almost destroyed.
The wight hits you but does no damage. The wight hits you with a +0 falchion.
* * * LOW HITPOINT WARNING * * *
You hit the wight but do no damage.
The wight is almost destroyed.
The wight closely misses you. The wight completely misses you.
You hit the wight but do no damage.
The wight is almost destroyed.
The wight hits you but does no damage. You block the wight's attack.
You barely miss the wight.
The wight is almost destroyed.
The wight barely misses you. The wight closely misses you.
You hit the wight.
You destroy the wight!
The wight hits you with a +5 mace of freezing.
* * * LOW HITPOINT WARNING * * *
The wight freezes you.
* * * LOW HITPOINT WARNING * * *
You have reached level 8!
You feel stronger.
You hit the wight.
The wight is lightly damaged.
The wight hits you but does no damage.
You completely miss the wight.
The wight is lightly damaged.
You hit the wight but do no damage.
The wight is lightly damaged.
The wight hits you with a +5 mace of freezing.
* * * LOW HITPOINT WARNING * * *
The wight freezes you.
You die...

#.#####_#####.###.###.###
#### ##.###.....###.#
##.#..# ...............#
##...## ##.###..#####..#
#..###### #.######## ####
##.###..## ##.## ##8###8##
#....#...##
#..##8...8...8##...#.#...#
###..##........z##..####...#
#....#_.........@#[.####...#
###..##........)###..#..####
#..##8...8...8####...## #.##
##8###8## ##.#.## ##.#######
### #..##.## ##.)##..# ##.#
##.####.# #...##..# #..#
##..# ###
###.#...####..###..## ####
##......#.........# ##..#


You could see a wight.

Vanquished Creatures
  Grinder (D:5)
  An ice beast (D:5)
  Blork the orc (D:5)
  A scorpion (D:4)
  A wight (D:5)
  3 hounds (D:5)
  An orc priest (D:3)
  4 orc wizards
  2 iguanas
  5 adders
  4 gnolls
  A shadow imp (D:5)
  A white imp (D:6)
  A dart slug (D:3)
  6 orcs
  3 endoplasms
  4 giant cockroaches
  6 goblins
  5 hobgoblins
  A jackal (D:1)
  5 ball pythons
  4 bats
  5 frilled lizards
  7 kobolds
  7 rats
80 creatures vanquished.

Notes
Turn   | Place    | Note
-------+----------+-------------------------------------------
     0 | D:1      | AdnanSaban the Gargoyle Fighter began the quest for the
                  | Orb.
     0 | D:1      | Reached XP level 1. HP: 14/14 MP: 1/1
    85 | D:1      | Reached XP level 2. HP: 19/19 MP: 2/2
   313 | D:1      | Reached XP level 3. HP: 24/24 MP: 3/3
  1316 | D:2      | Reached XP level 4. HP: 23/29 MP: 4/4
  1780 | D:3      | Reached skill level 1 in Dodging
  2174 | D:3      | Reached XP level 5. HP: 26/33 MP: 5/5
  2495 | D:4      | Found a hide-covered altar of Uskayaw.
  2598 | D:4      | Found a shadowy altar of Dithmenos.
  2984 | D:5      | Entered Level 5 of the Dungeon
  3100 | D:5      | Noticed an ice beast
  3171 | D:5      | Reached XP level 6. HP: 33/38 MP: 6/6
  3343 | D:5      | Got the Folio of Ill Luck
  3673 | D:5      | Reached skill level 5 in Armour
  3677 | D:5      | Found an opulent altar of Gozag.
  3691 | D:5      | Noticed Blork the orc
  3699 | D:5      | Killed Blork the orc
  3730 | D:5      | Noticed Grinder
  3736 | D:5      | Paralysed by Grinder for 5 turns
  3774 | D:4      | Reached XP level 7. HP: 27/44 MP: 7/7
  3852 | D:5      | Paralysed by Grinder for 2 turns
  3862 | D:5      | Paralysed by Grinder for 3 turns
  3876 | D:5      | Killed Grinder
  3877 | D:5      | Reached skill level 1 in Throwing
  4184 | D:5      | Found a broken altar of Ashenzari.
  4283 | D:5      | Found an iron altar of Okawaru.
  4525 | D:5      | Reached skill level 5 in Maces & Flails
  5029 | D:5      | Reached XP level 8. HP: 5/48 MP: 8/8
  5031 | D:5      | HP: 2/48 [wight/+5 mace of freezing (4)]
  5031 | D:5      | Slain by a wight

Illustrated notes

Levels and vault maps discovered:
D:1:      noname_arrival_rooms_in_the_neighbourhood, layout_rooms,
          hangedman_decor_points, corexii_item_surrounded_by_moat, minivault_27,
          minmay_pentomino_x4
D:2:      layout_loops_ring, minmay_cut_off
D:3:      layout_loops_ring
D:4:      layout_basic, lemuel_round_altar, eat_drink_and_be_merry_uskayaw
D:5:      layout_layer_cave, nicolae_overflow_hidden_temple,
          cheibrodos_ashenzari_chains,
          nicolae_gozag_cash_rules_everything_around_me, uniq_blork_the_orc,
          uniq_grinder
D:6:      layout_cave_pools, temple_hall, nrook_mini_vaults,
          palyth_stone_intersect, chequers_serial_rivers_micro_a

Skill      XL: |  1  2  3  4  5  6  7 |
---------------+----------------------+-----
Armour         | 4 5 |  5.7
Dodging        | 1 |  1.9
Maces & Flails | 3 4 5 |  5.5
Fighting       | 4 |  4.8
Shields        | 4 |  4.4
Throwing       | 2 |  2.1

Action                     |  1- 3 |  4- 6 |  7- 9 || total
---------------------------+-------+-------+-------++-------
  Melee: Flail             |    85 |       |       ||    85
         Whip              |    80 |   192 |    90 ||   362
  Throw: Boomerang         |       |     9 |    22 ||    31
 Armour: Scale mail        |    94 |    59 |       ||   153
         Chain mail        |       |    31 |    50 ||    81
  Dodge: Dodged            |    84 |    60 |    32 ||   176
  Block: Buckler           |    53 |    32 |    18 ||   103

Table legend: (Time is in decaauts)
 A = Elapsed time spent in this place.
 B = Non-inter-level travel time spent in this place.
 C = Inter-level travel time spent in this place.
 D = Time resting spent in this place.
 E = Time spent auto-exploring this place.
 F = Levels seen in this place.
 G = Mean time per level.
                   A        B        C        D        E       F      G
               +--------+--------+--------+--------+--------+-----+--------+
         Total |   5057 |   4788 |    269 |    361 |   3550 |   6 |  842.8 |
       Dungeon |   5057 |   4788 |    269 |    361 |   3550 |   6 |  842.8 |
               +--------+--------+--------+--------+--------+-----+--------+

Top non-repeatable levels by time:
     D:5: 1757 daAuts
     D:4: 888 daAuts
     D:3: 816 daAuts
     D:2: 779 daAuts
     D:1: 639 daAuts
     D:6: 175 daAuts
